 Dungeon Crawl Stone Soup version 0.31-a0-271-gb88eb75 (webtiles) character file.

Game seed: 17399253168552731451

158 Dawnplanks the Chiller (level 5, -3/31 HPs)
             Began as an Octopode Ice Elementalist on July 14, 2023.
             Slain by a gnoll sergeant
             ... wielding a +0 trident
              (14 damage)
             ... on level 6 of the Dungeon.
             The game lasted 00:07:15 (2431 turns).

Dawnplanks the Chiller (Octopode Ice Elementalist)  Turns: 2431, Time: 00:07:16

Health: -3/31      AC:  7    Str:  7    XL:     5   Next: 40%
Magic:  7/9        EV: 13    Int: 19    God:
Gold:   89         SH:  0    Dex: 13    Spells: 3/10 levels left

rFire   . . .        q - +2 spear (venom)
rCold   . . .        (no shield)
rNeg    . . .        (helmet restricted)
rPois   .            g - amulet of regeneration
rElec   .            (no ring)
rCorr   .            (no ring)
SInv    .            (no ring)
Will    .....        (no ring)
Stlth   +++          (no ring)
HPRegen 1.05/turn    (no ring)
MPRegen 0.11/turn    (no ring)
                     (no ring)

%: no passive effects
@: ice-armoured, freezing walls
A: almost no armour, amphibious, 8 rings, camouflage 1, gelatinous body 1,
(nimble swimmer 1), tentacles
a: no special abilities


You were on level 6 of the Dungeon.
You visited 1 branch of the dungeon, and saw 4 of its levels.

You collected 119 gold pieces.
You spent 30 gold pieces at shops.

Inventory:

Hand Weapons
 q - a +2 spear of venom (weapon)
Missiles
 n - 10 stones (quivered)
 o - 4 poisoned darts
 p - 5 boomerangs
Jewellery
 g - an amulet of regeneration (around mantle)
Scrolls
 e - 2 scrolls of identify {unknown}
 h - 2 scrolls of teleportation {unknown}
 j - a scroll of blinking {unknown}
 k - a scroll of silence {unknown}
 r - a scroll of vulnerability {unknown}
Potions
 b - a potion of cancellation {unknown}
 c - 3 potions of degeneration {unknown}
 d - a potion of heal wounds {unknown}
 f - 4 potions of curing
 i - 2 potions of haste {unknown}
 l - 2 potions of enlightenment {unknown}
 m - a potion of resistance {unknown}


   Skills:
 - Level 0.2 Short Blades
 + Level 0.2 Polearms
 + Level 2.4 Dodging
 - Level 3.0 Stealth
 + Level 3.0 Spellcasting
 * Level 5.5 Ice Magic


You had 3 spell levels left.
You knew the following spells:

 Your Spells              Type           Power      Damage    Failure   Level
a - Freeze                Ice            96%        1d10      1%          1
b - Ozocubu's Armour      Ice            24%        N/A       4%          3
c - Frozen Ramparts       Ice            48%        1d8       4%          3

Your spell library contained the following spells:

 Spells                   Type           Power      Damage    Failure   Level
 Scorch                   Fire           4%         2d5       22%         2
 Call Canine Familiar     Summ           2%         N/A       41%         3
 Portal Projectile        Hex/Tloc       4%         N/A       41%         3
 Summon Ice Beast         Ice/Summ       13%        N/A       43%         4
 Flame Wave               Conj/Fire      2%         2d4       83%         4
 Leda's Liquefaction      Hex/Erth       1%         N/A       83%         4
 Summon Cactus Giant      Summ           1%         N/A       100%        6


Dungeon Overview and Level Annotations

Branches:
Dungeon (3/15)

Altars:
Wu Jian

Shops:
D:2 !   D:3 =[


Innate Abilities, Weirdness & Mutations

You cannot wear most types of armour.
You are amphibious.
You can wear up to eight rings at the same time.
Your skin changes colour to match your surroundings (Stealth+).
Your rubbery body absorbs attacks. (AC +1, EV +1)
((You are camouflaged when in or above water. (Stealth+)))
You have tentacles for arms and can constrict up to eight enemies at once.


Message History

The gnoll sergeant hits you from afar with a +0 trident.
You reach to attack!
You closely miss the gnoll sergeant.
The wall freezes the gnoll sergeant but does no damage.
The gnoll sergeant hits you from afar with a +0 trident!
You reach to attack!
The gnoll shouts! x2
You hit the gnoll sergeant but do no damage.
The gnoll sergeant is poisoned.
A gnoll comes into view. It is wielding a +0 halberd.
The wall freezes the gnoll sergeant!
The gnoll sergeant hits you from afar with a +0 trident.
Okay, then.
Reach: q) +2 spear (venom)
Press: ? - help, Dir - move target, f/p - gnoll sergeant
Aim: a gnoll sergeant, wielding a +0 trident and wearing a +0 scale mail (heavily wounded, very poisoned, about 31% to evade your +2 spear of venom)
You reach to attack!
The gnoll shouts!
You hit the gnoll sergeant but do no damage.
The gnoll sergeant looks as sick as possible!
The gnoll sergeant is heavily wounded.
The wall freezes the gnoll sergeant but does no damage.
The gnoll sergeant barely misses you.
Reach: q) +2 spear (venom)
Press: ? - help, Dir - move target, f/p - gnoll sergeant
Aim: a gnoll sergeant, wielding a +0 trident and wearing a +0 scale mail (heavily wounded, extremely poisoned, about 31% to evade your +2 spear of venom)
You reach to attack!
You completely miss the gnoll sergeant.
The gnoll sergeant is heavily wounded.
The wall freezes the gnoll sergeant but does no damage.
The gnoll sergeant hits you from afar with a +0 trident!
Reach: q) +2 spear (venom)
Press: ? - help, Dir - move target, f/p - gnoll sergeant
Aim: a gnoll sergeant, wielding a +0 trident and wearing a +0 scale mail (severely wounded, extremely poisoned, about 31% to evade your +2 spear of venom)
You reach to attack!
You hit the gnoll sergeant but do no damage.
The gnoll sergeant looks as sick as possible!
The gnoll sergeant is severely wounded.
A gnoll comes into view. It is wielding a +0 halberd.
The wall freezes the gnoll sergeant.
The gnoll sergeant hits you from afar with a +0 trident!
You die...

.. ### .#
... .#
#.##.#
#####....#
........##
####.###.##
##.######g.
#.@)gggg..
#.###..P._
#.## ...
..# # #.#
#. #


You could see a gnoll sergeant (extremely poisoned) and 4 gnolls.

Vanquished Creatures
  Crazy Yiuf (D:2)
  An orc wizard (D:6)
  3 adders
  A worm (D:2)
  4 dart slugs
  5 orcs
  2 endoplasms (D:1)
  2 giant cockroaches
  6 goblins
  2 hobgoblins
  6 jackals (D:1)
  9 kobolds
  2 quokkas (D:1)
  2 ball pythons
  3 bats
  3 frilled lizards
  10 rats
62 creatures vanquished.

Notes
Turn   | Place    | Note
-------+----------+-------------------------------------------
     0 | D:1      | Dawnplanks the Octopode Ice Elementalist began the quest
                  | for the Orb.
     0 | D:1      | Reached XP level 1. HP: 11/11 MP: 3/3
    68 | D:1      | Reached XP level 2. HP: 15/17 MP: 1/5
   289 | D:1      | Reached XP level 3. HP: 21/21 MP: 4/6
   993 | D:2      | Found Jiutun's Distillery.
   999 | D:2      | Learned a level 3 spell: Ozocubu's Armour
  1017 | D:2      | Bought a potion of curing for 30 gold pieces
  1032 | D:2      | Found a runed translucent door.
  1033 | D:2      | Noticed Crazy Yiuf
  1279 | D:2      | Learned a level 3 spell: Frozen Ramparts
  1583 | D:2      | Reached XP level 4. HP: 25/27 MP: 7/7
  1598 | D:2      | Reached skill level 5 in Ice Magic
  1818 | D:2      | Killed Crazy Yiuf
  2023 | D:3      | Found Redo's Antique Armour Shoppe.
  2306 | D:3      | Reached XP level 5. HP: 31/31 MP: 9/9
  2404 | D:3      | Found Mobef's Jewellery Boutique.
  2404 | D:3      | You fall into a shaft and drop 3 floors!
  2408 | D:6      | Found an ornate altar of the Wu Jian Council.
  2431 | D:6      | Slain by a gnoll sergeant

Illustrated notes

Levels and vault maps discovered:
D:1:      shiori_arrival_elements, layout_basic
D:2:      layout_rooms, serial_shops, shop, chequers_serial_rivers_micro_a,
          grunt_ministairs_11, grunt_decor_cap, feat_on_display,
          uniq_crazy_yiuf_cottage
D:3:      layout_loops_ring, okawaru_metal_pillars_1_2,
          shapermc_ecumenical_altar_acropolis, serial_shops,
          nicolae_shop_just_a_little_nook, shop, shop, kennysheep_cluttered_room
D:6:      layout_loops_ring, mainiacjoe_overflow_tiny_flanked,
          lightli_church_of_beogh

Skill      XL: |  1  2  3  4  5 |
---------------+----------------+-----
Stealth        | 3 |  3.0
Ice Magic      | 5 |  5.5
Spellcasting   | 3 |  3.0
Short Blades   | |  0.2
Polearms       | |  0.2
Dodging        | |  2.4

Action                     |  1- 3 |  4- 6 || total
---------------------------+-------+-------++-------
  Melee: Dagger            |    23 |    12 ||    35
         Constrict         |     7 |     3 ||    10
         Tentacles         |     4 |     1 ||     5
         Unarmed           |     1 |       ||     1
         Spear             |       |    17 ||    17
   Cast: Freeze            |    45 |     3 ||    48
         Ozocubu's Armour  |     1 |     5 ||     6
         Frozen Ramparts   |       |     7 ||     7
    Use: Potion            |       |     1 ||     1
   Stab: Sleeping          |     8 |     5 ||    13
 Armour: Skin              |     1 |     3 ||     4
  Dodge: Dodged            |    23 |    13 ||    36

Table legend: (Time is in decaauts)
 A = Elapsed time spent in this place.
 B = Non-inter-level travel time spent in this place.
 C = Inter-level travel time spent in this place.
 D = Time resting spent in this place.
 E = Time spent auto-exploring this place.
 F = Levels seen in this place.
 G = Mean time per level.
                   A        B        C        D        E       F      G
               +--------+--------+--------+--------+--------+-----+--------+
         Total |   2430 |   2374 |     56 |      0 |   1962 |   4 |  607.5 |
       Dungeon |   2430 |   2374 |     56 |      0 |   1962 |   4 |  607.5 |
               +--------+--------+--------+--------+--------+-----+--------+

Top non-repeatable levels by time:
     D:1: 975 daAuts
     D:2: 942 daAuts
     D:3: 484 daAuts
     D:6: 27 daAuts
